cohdb
Replays
Latest Replays
All Replays
Popular Replays
Top Player Replays
Match Explorer
How It Works
Community
CoH3 Stats
Reddit
Sign in to upload your games and track your stats! →
Sign in with Steam
Heavy tanks on the beach.Tiger & Black prince
Match 17807962
Overview
Messages
Build Orders
End
Kradschützen Motorcycle Team
Selects Italian Combined Arms Battlegroup
Selects Bersaglieri Squad
Bersaglieri Squad
Panzerpioneer Squad
Bersaglieri Squad
Construct Light Support Kompanie
Selects Bersaglieri Bolster
Bersaglieri Squad
Construct Mechanized Kompanie
Support Armor Elements
StuG III D Assault Gun
2.5-tonne Medical Truck
Selects Breda Model 30 Light Machine Guns
Marder III Tank Destroyer
Emergency Repair Kits
Selects Semovente da 75/18 Assault Gun
Marder III Tank Destroyer
StuG III D Assault Gun
Selects Strafing Run
Construct Panzerarmee Kommand
Panzerpioneer Squad
Vehicle Survival Package
Construct Panzerarmee Kommand
Armored Reserves
Strafing Run
Selects Artillery Cover
Tiger Heavy Tank
Tungsten Core Ammunition
Artillery Cover
Ruby
METEOR_HAMMER
0
0
Comments
sign in to comment!
No comments posted yet!